 Dungeon Crawl Stone Soup version 0.19.4-8-ga85b6b9 (webtiles) character file.

477 Jerry the Slasher (level 6, 4/56 HPs)
             Began as a Minotaur Fighter on Feb 11, 2017.
             Quit the game on level 4 of the Dungeon.
             The game lasted 00:07:52 (2700 turns).

Jerry the Slasher (Minotaur Fighter)                Turns: 2700, Time: 00:07:53

Health: 4/56       AC: 13    Str: 17 (20) XL:     6   Next: 85%
Magic:  5/5        EV:  7    Int:  6 (7)  God:
Gold:   178        SH:  0    Dex:  7 (10) Spells: 0 memorised, 5 levels left

rFire  . . .     SeeInvis .     a - +0 long sword
rCold  . . .     Gourm    .     p - +0 chain mail {rPois}
rNeg   . . .     Faith    .     (no shield)
rPois  +         Spirit   .     (helmet restricted)
rElec  .         Reflect  .     (no cloak)
rCorr  .         Harm     .     e - +0 pair of gloves
MR     .....                    (no boots)
Stlth  ..........               (no amulet)
                                (no ring)
                                (no ring)

@: flying, slowed, very slow
A: retaliatory headbutt, horns 2, molten scales 1, mutation resistance 1
a: no special abilities


You were on level 4 of the Dungeon.
You were not hungry.

You visited 1 branch of the dungeon, and saw 4 of its levels.

You collected 178 gold pieces.

Inventory:

Hand Weapons
 a - a +0 long sword (weapon)
 q - a +0 arbalest
Missiles
 r - 52 bolts
Armour
 c - a +0 shield
 e - a +0 pair of gloves (worn)
 p - a +0 chain mail of poison resistance (worn)
Wands
 u - a wand of digging (4/24)
Scrolls
 i - 3 scrolls of remove curse
 k - a scroll of identify
 t - 2 scrolls of recharging {unknown}
Potions
 d - a potion of might
 h - a potion of degeneration
 m - a potion of heal wounds
Comestibles
 f - 2 bread rations
 g - 5 chunks of flesh
 j - a slice of pizza
 l - 4 fruits
 o - a beef jerky
 s - a meat ration


   Skills:
 + Level 5.5 Fighting
 * Level 6.5 Long Blades
 + Level 5.3 Armour
 + Level 1.4 Dodging
 - Level 3.6 Shields


You had 5 spell levels left.
You didn't know any spells.

Dungeon Overview and Level Annotations

Branches:
Dungeon (4/15)
 Temple: D:4-7

Altars:
Cheibriados
Makhleb
Sif Muna


Innate Abilities, Weirdness & Mutations

You reflexively headbutt those who attack you in melee.
You have a pair of horns on your head.
You are partially covered in molten scales. (AC +2)
You are somewhat resistant to further mutation.


Message History

The orc wizard blinks!
The orc priest looks satisfied for a moment.
The ogre hits you with a giant club.
The orc wizard gestures wildly while chanting.
The orc wizard blinks!
The orc priest looks encouraged for a moment.
The orc wizard hits you but does no damage.
The orc wizard points at you and mumbles some strange words.
You resist with some effort.
The orc wizard mumbles some strange words.
The orc wizard blinks!
The orc wizard points at you and mumbles some strange words.
The magic dart hits you!
The scorpion stings you but does no damage.
The orc wizard gestures at you while chanting.
You feel as though you will be slow longer.
The orc priest calls down the wrath of Beogh upon you.
Beogh smites you!
* * * LOW HITPOINT WARNING * * *
Are you sure you want to abandon this character and quit the game? (Confirm with "yes".)

#..##........# #............#
#...........# ##.........##
#### ##.........§# ##..####
### #........o..#
#......####.. ##...)....os##
##............
#........o.O####...........##
...........o@.............###
.......÷.............(.....##
............##.............##
...........###.............##
########...# #..............#
##.## ...............# #.#
##.............## #.#
#...........#### ..#
#........ #


You could see an ogre, a scorpion, an orc priest and 3 orc wizards.

Vanquished Creatures
  An ogre (D:3)
  A scorpion (D:4)
  A hound (D:3)
  Ijyb (D:3)
  Natasha (thrice) (D:3)
  2 orc wizards (D:3)
  4 gnolls (D:2)
  3 adders (D:2)
  An adder skeleton (D:4)
  2 worms
  2 dart slugs
  4 leopard geckos
  An orc (D:3)
  8 giant cockroaches
  13 goblins
  8 hobgoblins
  5 jackals
  A quokka (D:4)
  2 ball pythons (D:2)
  8 bats
  6 frilled lizards
  3 kobolds
  8 rats
88 creatures vanquished.

Notes
Turn   | Place    | Note
-------+----------+-------------------------------------------
     0 | D:1      | Jerry the Minotaur Fighter began the quest for the Orb.
     0 | D:1      | Reached XP level 1. HP: 19/19 MP: 0/0
   384 | D:1      | Reached XP level 2. HP: 24/27 MP: 1/1
   440 | D:1      | Reached skill level 3 in Long Blades
   638 | D:2      | Reached XP level 3. HP: 31/33 MP: 2/2
   789 | D:2      | Found a faded altar of an unknown god.
   890 | D:2      | Reached skill level 4 in Long Blades
   896 | D:2      | Reached XP level 4. HP: 21/41 MP: 3/3
  1140 | D:2      | Found a snail-covered altar of Cheibriados.
  1465 | D:3      | Found a burning altar of Makhleb.
  1474 | D:3      | Reached skill level 5 in Long Blades
  1474 | D:3      | Reached XP level 5. HP: 47/47 MP: 4/4
  1499 | D:3      | Noticed an ogre
  1504 | D:3      | Killed an ogre
  1504 | D:3      | Reached skill level 5 in Fighting
  1996 | D:3      | Noticed Natasha
  2006 | D:3      | Killed Natasha
  2006 | D:3      | Reached XP level 6. HP: 43/56 MP: 5/5
  2016 | D:3      | Noticed Natasha
  2022 | D:3      | Killed Natasha
  2022 | D:3      | Reached skill level 5 in Armour
  2371 | D:3      | Noticed Ijyb
  2382 | D:3      | Killed Ijyb
  2382 | D:3      | Reached skill level 6 in Long Blades
  2515 | D:3      | Noticed Natasha
  2525 | D:3      | Killed Natasha
  2556 | D:3      | Found a deep blue altar of Sif Muna.
  2571 | D:3      | Reached skill level 1 in Dodging
  2691 | D:4      | Gained mutation: You are somewhat resistant to further mutation. [potion of mutation]
  2691 | D:4      | Gained mutation: You are partially covered in molten scales. (AC +2) [potion of mutation]
  2700 | D:4      | Quit the game

Skill      XL: |  1  2  3  4  5  6 |
---------------+-------------------+-----
Long Blades    | 3 4 5 6 |  6.5
Armour         | 4 5 |  5.3
Fighting       | 4 5 |  5.5
Dodging        | 1 |  1.4
Shields        | |  3.6

Action                   |  1- 3 |  4- 6 || total
-------------------------+-------+-------++-------
Melee: Long sword        |    83 |   133 ||   216
       Headbutt          |    15 |    16 ||    31
 Fire: Arbalest          |       |     9 ||     9
  Use: Scroll            |       |     3 ||     3
       Potion            |       |     4 ||     4
  Eat: Chunk             |       |     6 ||     6
Armor: Scale mail        |    24 |       ||    24
       Chain mail        |    37 |    97 ||   134
Dodge: Dodged            |    45 |    66 ||   111
       Rpst.: Long sword |     6 |    14 ||    20
